TOP OF THE 1ST |
Louisiana Dragoons batting - Pitching for Myrtle Beach Seahawks : RHP Jim Unknown
|
Pitching: RHP Jim Unknown
|
|
Batting: RHB Victorino Navarro
|
0-0: Ball 1-0: Called Strike 1-1: Foul Ball, location: 2F 1-2: Fly out, F8 (Flyball, 8LM)
|
Batting: SHB Phil Moore
|
0-0: Bunted foul 0-1: Ball 1-1: Foul Ball, location: 2F 1-2: Strikes out swinging, 2-3 out at first.
|
Batting: LHB Manny Hernández
|
0-0: Ball 1-0: Ball 2-0: SINGLE (Line Drive, 9LS)
|
Batting: RHB Félix De La Hoya
|
0-0: Ball 1-0: Foul Ball, location: 2F 1-1: Swinging Strike 1-2: Strikes out looking
|
Top of the 1st over - 0 run(s), 1 hit(s), 0 error(s), 1 left on base; Louisiana 0 - Myrtle Beach 0 |
BOTTOM OF THE 1ST |
Myrtle Beach Seahawks batting - Pitching for Louisiana Dragoons : RHP Ben Fleming
|
Pitching: RHP Ben Fleming
|
|
Batting: RHB Fernando Pérez
|
0-0: Called Strike 0-1: Ball 1-1: Foul Ball, location: 2F 1-2: Strikes out swinging
|
Batting: RHB José Sosa
|
0-0: SINGLE (Line Drive, 6D)
|
Batting: RHB Juan García
|
0-0: Called Strike 0-1: Ball 1-1: Fly out, F7 (Flyball, 78S)
|
Batting: RHB Iván Hernández
|
0-0: Ball Passed Ball! José Sosa to second 1-0: Fly out, F8 (Flyball, 8LM)
|
Bottom of the 1st over - 0 run(s), 1 hit(s), 0 error(s), 1 left on base; Louisiana 0 - Myrtle Beach 0 |
TOP OF THE 2ND |
Louisiana Dragoons batting - Pitching for Myrtle Beach Seahawks : RHP Jim Unknown
|
Batting: LHB Gustavo Vázquez
|
0-0: Ball 1-0: Foul Ball, location: 2F 1-1: Foul Ball, location: 2F 1-2: Foul Ball, location: 2F 1-2: Ground out U3 (Groundball, 3L)
|
Batting: LHB Javier Antonio
|
0-0: Fly out, F9 (Flyball, 89M)
|
Batting: RHB Alberto Figueroa
|
0-0: Ball 1-0: Ball 2-0: Ball 3-0: Called Strike 3-1: Base on Balls
|
Batting: RHB Wessel Wemerman
|
0-0: Ball 1-0: Called Strike 1-1: Called Strike 1-2: Strikes out swinging
|
Top of the 2nd over - 0 run(s), 0 hit(s), 0 error(s), 1 left on base; Louisiana 0 - Myrtle Beach 0 |
BOTTOM OF THE 2ND |
Myrtle Beach Seahawks batting - Pitching for Louisiana Dragoons : RHP Ben Fleming
|
Batting: SHB Tony Martínez
|
0-0: Swinging Strike 0-1: Ball 1-1: Swinging Strike 1-2: Strikes out swinging
|
Batting: RHB Manuel Díaz
|
0-0: Called Strike 0-1: Ball 1-1: Ball 2-1: Ground out 6-3 (Groundball, 6M)
|
Batting: RHB Guillaume Colin
|
0-0: Ball 1-0: SINGLE (Groundball, 56D)
|
Batting: RHB Jack Peck
|
0-0: Ball 1-0: Called Strike 1-1: Ball 2-1: Ball 3-1: Base on Balls Guillaume Colin to second
|
Batting: SHB Jim Unknown
|
0-0: Foul Ball, location: 2F 0-1: Ball 1-1: Swinging Strike 1-2: Ball 2-2: Foul Ball, location: 2F 2-2: Strikes out looking
|
Bottom of the 2nd over - 0 run(s), 1 hit(s), 0 error(s), 2 left on base; Louisiana 0 - Myrtle Beach 0 |
TOP OF THE 3RD |
Louisiana Dragoons batting - Pitching for Myrtle Beach Seahawks : RHP Jim Unknown
|
Batting: RHB Al Thomas
|
0-0: Ball 1-0: Ball 2-0: Ball 3-0: Called Strike 3-1: Fly out, F9 (Flyball, 9M)
|
Batting: RHB Victorino Navarro
|
0-0: SINGLE (Groundball, 56) (infield hit)
|
Batting: SHB Phil Moore
|
0-0: Ball 1-0: Called Strike 1-1: Called Strike 1-2: Strikes out swinging
|
Batting: LHB Manny Hernández
|
0-0: Foul Ball, location: 2F 0-1: Ball Victorino Navarro steals 2nd base 1-1: Called Strike 1-2: Fly out, F3 (Line Drive, 3S)
|
Top of the 3rd over - 0 run(s), 1 hit(s), 0 error(s), 1 left on base; Louisiana 0 - Myrtle Beach 0 |
BOTTOM OF THE 3RD |
Myrtle Beach Seahawks batting - Pitching for Louisiana Dragoons : RHP Ben Fleming
|
Batting: RHB Fernando Pérez
|
0-0: Swinging Strike 0-1: Fly out, F7 (Flyball, 78M)
|
Batting: RHB José Sosa
|
0-0: Ball 1-0: Ball 2-0: Ball 3-0: Called Strike 3-1: Swinging Strike 3-2: Strikes out swinging
|
Batting: RHB Juan García
|
0-0: Called Strike 0-1: Ball 1-1: SINGLE (Groundball, 6MD)
|
Batting: RHB Iván Hernández
|
0-0: Ground out 1-3 (Groundball, 25)
|
Bottom of the 3rd over - 0 run(s), 1 hit(s), 0 error(s), 1 left on base; Louisiana 0 - Myrtle Beach 0 |
TOP OF THE 4TH |
Louisiana Dragoons batting - Pitching for Myrtle Beach Seahawks : RHP Jim Unknown
|
Batting: RHB Félix De La Hoya
|
0-0: Called Strike 0-1: Ball 1-1: Ball 2-1: Ground out 6-3 (Groundball, 6)
|
Batting: LHB Gustavo Vázquez
|
0-0: Called Strike 0-1: Ball 1-1: Ball 2-1: Fly out, F8 (Flyball, 8LM)
|
Batting: LHB Javier Antonio
|
0-0: Ball 1-0: Ball 2-0: Ball 3-0: Called Strike 3-1: Foul Ball, location: 2F 3-2: Foul Ball, location: 2F 3-2: SINGLE (Line Drive, 4MD)
|
Batting: RHB Alberto Figueroa
|
0-0: Ball 1-0: Fly out, F6 (Popup, 5DF)
|
Top of the 4th over - 0 run(s), 1 hit(s), 0 error(s), 1 left on base; Louisiana 0 - Myrtle Beach 0 |
BOTTOM OF THE 4TH |
Myrtle Beach Seahawks batting - Pitching for Louisiana Dragoons : RHP Ben Fleming
|
Batting: SHB Tony Martínez
|
0-0: Ball 1-0: Ball 2-0: Ball 3-0: Called Strike 3-1: Foul Ball, location: 2F 3-2: TRIPLE (Groundball, 3L)
|
Batting: RHB Manuel Díaz
|
0-0: Swinging Strike 0-1: SINGLE (Line Drive, 6MD) Tony Martínez scores
|
Batting: RHB Guillaume Colin
|
0-0: Called Strike 0-1: SINGLE (Groundball, 56D) Manuel Díaz to second
|
Batting: RHB Jack Peck
|
0-0: Called Strike 0-1: Foul Ball, location: 2F 0-2: Ball 1-2: Strikes out swinging
|
Batting: SHB Jim Unknown
|
0-0: Ball 1-0: Swinging Strike 1-1: Ground out U3 (Groundball, 3S) Manuel Díaz to third Guillaume Colin to second
|
Batting: RHB Fernando Pérez
|
0-0: Called Strike 0-1: SINGLE (Groundball, 56D) (infield hit) Manuel Díaz scores Guillaume Colin to third
|
Batting: RHB José Sosa
|
0-0: Ball 1-0: Ball 2-0: Called Strike 2-1: Called Strike 2-2: SINGLE (Groundball, 56D) Guillaume Colin scores Fernando Pérez to second Runner from 2nd tries for 3rd, SAFE, throw made to third
|
Batting: RHB Juan García
|
0-0: Ball 1-0: Ball Wild Pitch! Fernando Pérez scores José Sosa to second 2-0: Swinging Strike 2-1: Foul Ball, location: 2F 2-2: Ground out 4-3 (Groundball, 4)
|
Bottom of the 4th over - 4 run(s), 5 hit(s), 0 error(s), 1 left on base; Louisiana 0 - Myrtle Beach 4 |
TOP OF THE 5TH |
Louisiana Dragoons batting - Pitching for Myrtle Beach Seahawks : RHP Jim Unknown
|
Batting: RHB Wessel Wemerman
|
0-0: Foul Ball, location: 2F 0-1: Called Strike 0-2: Ball 1-2: Strikes out looking
|
Batting: RHB Al Thomas
|
0-0: Called Strike 0-1: Foul Ball, location: 2F 0-2: Ball 1-2: Ball 2-2: Strikes out swinging
|
Batting: RHB Victorino Navarro
|
0-0: Foul Ball, location: 2F 0-1: Foul Ball, location: 2F 0-2: Ball 1-2: Foul Ball, location: 2F 1-2: Strikes out swinging
|
Top of the 5th over - 0 run(s), 0 hit(s), 0 error(s), 0 left on base; Louisiana 0 - Myrtle Beach 4 |
BOTTOM OF THE 5TH |
Myrtle Beach Seahawks batting - Pitching for Louisiana Dragoons : RHP Ben Fleming
|
Batting: RHB Iván Hernández
|
0-0: Called Strike 0-1: Ball 1-1: SINGLE (Flyball, 9LM)
|
Batting: SHB Tony Martínez
|
0-0: Ball 1-0: Called Strike 1-1: Grounds into double play, 1-6-3 (Groundball, 15S)
|
Batting: RHB Manuel Díaz
|
0-0: Called Strike 0-1: Swinging Strike 0-2: Ball 1-2: Ball 2-2: Strikes out swinging
|
Bottom of the 5th over - 0 run(s), 1 hit(s), 0 error(s), 0 left on base; Louisiana 0 - Myrtle Beach 4 |
TOP OF THE 6TH |
Louisiana Dragoons batting - Pitching for Myrtle Beach Seahawks : RHP Jim Unknown
|
Batting: SHB Phil Moore
|
0-0: Called Strike 0-1: Swinging Strike 0-2: Strikes out swinging
|
Batting: LHB Manny Hernández
|
0-0: Ball 1-0: Called Strike 1-1: Fly out, F8 (Line Drive, 8RS)
|
Batting: RHB Félix De La Hoya
|
0-0: Ball 1-0: Ball 2-0: Called Strike 2-1: Called Strike 2-2: Foul Ball, location: 2F 2-2: SINGLE (Flyball, 7S)
|
Batting: LHB Gustavo Vázquez
|
0-0: Ball 1-0: Fly out, F9 (Flyball, 89M)
|
Top of the 6th over - 0 run(s), 1 hit(s), 0 error(s), 1 left on base; Louisiana 0 - Myrtle Beach 4 |
BOTTOM OF THE 6TH |
Myrtle Beach Seahawks batting - Pitching for Louisiana Dragoons : RHP Ben Fleming
|
Batting: RHB Guillaume Colin
|
0-0: Called Strike 0-1: Ball 1-1: Ground out 5-3 (Groundball, 56)
|
Batting: RHB Jack Peck
|
0-0: Foul Ball, location: 2F 0-1: Ground out 6-3 (Groundball, 6M)
|
Batting: SHB Jim Unknown
|
0-0: Ball 1-0: Called Strike 1-1: Foul Ball, location: 2F 1-2: Foul Ball, location: 2F 1-2: Foul Ball, location: 2F 1-2: Ball 2-2: Foul Ball, location: 2F 2-2: Foul Ball, location: 2F 2-2: Ball 3-2: SINGLE (Flyball, 9LM)
|
Pitching: RHP Nicholas Beyer
|
|
Batting: RHB Fernando Pérez
|
0-0: Ball 1-0: Ball 2-0: Fielders Choice at 2nd, U6 (Groundball, 6M)
|
Bottom of the 6th over - 0 run(s), 1 hit(s), 0 error(s), 1 left on base; Louisiana 0 - Myrtle Beach 4 |
TOP OF THE 7TH |
Louisiana Dragoons batting - Pitching for Myrtle Beach Seahawks : RHP Jim Unknown
|
Batting: LHB Javier Antonio
|
0-0: Ball 1-0: Ball 2-0: Ball 3-0: Called Strike 3-1: Reached on error, E6 (Groundball, 6M)
|
Pitching: RHP Dave Mason
|
|
Batting: RHB Alberto Figueroa
|
0-0: Ball 1-0: Fly out, F9 (Flyball, 9M)
|
Batting: RHB Wessel Wemerman
|
0-0: Ground out U3 (Groundball, 3) Javier Antonio to third
|
Batting: RHB Al Thomas
|
0-0: Ball 1-0: Foul Ball, location: 2F 1-1: Foul Ball, location: 2F 1-2: Ball 2-2: Ground out 6-3 (Groundball, 6M)
|
Top of the 7th over - 0 run(s), 0 hit(s), 1 error(s), 1 left on base; Louisiana 0 - Myrtle Beach 4 |
BOTTOM OF THE 7TH |
Myrtle Beach Seahawks batting - Pitching for Louisiana Dragoons : RHP Nicholas Beyer
|
Batting: RHB José Sosa
|
0-0: Ball 1-0: Foul Ball, location: 2F 1-1: Swinging Strike 1-2: Strikes out swinging
|
Batting: RHB Juan García
|
0-0: Called Strike 0-1: Foul Ball, location: 2F 0-2: Strikes out swinging
|
Batting: RHB Iván Hernández
|
0-0: Foul Ball, location: 2F 0-1: Ball 1-1: Called Strike 1-2: Ball 2-2: Strikes out looking
|
Bottom of the 7th over - 0 run(s), 0 hit(s), 0 error(s), 0 left on base; Louisiana 0 - Myrtle Beach 4 |
TOP OF THE 8TH |
Louisiana Dragoons batting - Pitching for Myrtle Beach Seahawks : RHP Dave Mason
|
Batting: RHB Victorino Navarro
|
0-0: Called Strike 0-1: Ball 1-1: Ball 2-1: Foul Ball, location: 2F 2-2: Foul Ball, location: 2F 2-2: Strikes out looking
|
Batting: SHB Phil Moore
|
0-0: Foul Ball, location: 2F 0-1: Foul Ball, location: 2F 0-2: Ball 1-2: Ball 2-2: Foul Ball, location: 2F 2-2: Foul Ball, location: 2F 2-2: Ball 3-2: Base on Balls
|
Batting: LHB Manny Hernández
|
0-0: Ball 1-0: Foul Ball, location: 2F 1-1: Ball 2-1: Grounds into double play, 1-6-3 (Groundball, 15)
|
Top of the 8th over - 0 run(s), 0 hit(s), 0 error(s), 0 left on base; Louisiana 0 - Myrtle Beach 4 |
BOTTOM OF THE 8TH |
Myrtle Beach Seahawks batting - Pitching for Louisiana Dragoons : RHP Nicholas Beyer
|
Batting: SHB Tony Martínez
|
0-0: Foul Ball, location: 2F 0-1: Fly out, F3 (Line Drive, 3)
|
Batting: RHB Manuel Díaz
|
0-0: Ball 1-0: Ball 2-0: Called Strike 2-1: DOUBLE (Flyball, 7LM)
|
Batting: RHB Guillaume Colin
|
0-0: Ball 1-0: Ball 2-0: Foul Ball, location: 2F 2-1: Foul Ball, location: 2F 2-2: Ball 3-2: Fly out, F8 (Flyball, 8LM)
|
Batting: RHB Jack Peck
|
0-0: Ball 1-0: Ground out 6-3 (Groundball, 6)
|
Bottom of the 8th over - 0 run(s), 1 hit(s), 0 error(s), 1 left on base; Louisiana 0 - Myrtle Beach 4 |
TOP OF THE 9TH |
Louisiana Dragoons batting - Pitching for Myrtle Beach Seahawks : RHP Dave Mason
|
Pitching: RHP Fernando Cruz
|
|
Batting: RHB Félix De La Hoya
|
0-0: Called Strike 0-1: Ground out 6-3 (Groundball, 6)
|
Batting: LHB Gustavo Vázquez
|
0-0: Ball 1-0: SINGLE (Line Drive, 6D)
|
Batting: LHB Javier Antonio
|
0-0: Called Strike 0-1: DOUBLE (Line Drive, 78M) Gustavo Vázquez to third Runner from 3rd tries for Home, SAFE, no throw or cutoff
|
Batting: RHB Alberto Figueroa
|
0-0: Ball 1-0: Ground out 5-3 (Groundball, 5)
|
Batting: RHB Wessel Wemerman
|
0-0: Ball 1-0: Fly out, F3 (Popup, 3L)
|
Top of the 9th over - 1 run(s), 2 hit(s), 0 error(s), 1 left on base; Louisiana 1 - Myrtle Beach 4 |
|